 Dungeon Crawl Stone Soup version 0.25-a0-972-g74ed164fb1 (webtiles) character file.

Game seed: 3700514694414444297, levelgen mode: deterministic

18704 Harbin the Spear-Bearer (level 12, 0/101 HPs)
             Began as a Minotaur Fighter on May 8, 2020.
             Was an Elder of Hepliaklqana.
             Slain by a skeletal warrior
             ... wielding a +0 trident
             ... led by a skeletal warrior
              (13 damage)
             ... on level 11 of the Dungeon on May 9, 2020.
             The game lasted 04:05:20 (13954 turns).

Harbin the Spear-Bearer (Minotaur Fighter)         Turns: 13954, Time: 04:05:21

Health: 0/101      AC: 16    Str: 25    XL:     12   Next: 30%
Magic:  11/11      EV: 14    Int:  9    God:    Hepliaklqana [****..]
Gold:   569        SH:  5    Dex: 11    Spells: 11/11 levels left

rFire    . . .     SeeInvis .   K - +5 battleaxe (vorpal)
rCold    + . .     Gourm    .   (shield currently unavailable)
rNeg     . . .     Faith    .   R - +3 scale mail "Beitavoch" {rC+ MR+ rCorr Int-2}
rPois    .         Spirit   .   (helmet restricted)
rElec    .         Reflect  +   H - +1 cloak
rCorr    +         Harm     .   e - +1 pair of gloves
MR       ++...                  (no boots)
Stlth    ..........             t - amulet "Risi Wuenga" {Reflect MR+ Int+4 SH+5}
HPRegen  0.26/turn              i - ring of resist corrosion
MPRegen  0.12/turn              h - +2 ring of intelligence

@: no status effects
A: retaliatory headbutt, reduced essence, horns 2
a: Recall Ancestor, Ancestor Identity, Transference, Idealise, Renounce Religion


You were on level 11 of the Dungeon.
You worshipped Hepliaklqana.
Hepliaklqana was greatly pleased with you.
You were not hungry.

You visited 2 branches of the dungeon, and saw 12 of its levels.
You also visited: Bailey.

You collected 683 gold pieces.
You spent 114 gold pieces at shops.

Inventory:

Hand Weapons
 a - a +2 trident
 r - a +0 trident
 w - a +0 arbalest
 x - a +0 vampiric hand axe
 K - a +5 vorpal battleaxe (weapon)
 O - a +5 spear
Missiles
 k - 118 poisoned darts (quivered)
 I - 4 boomerangs of dispersal
 L - a throwing net
Armour
 c - a +0 kite shield
 e - a +1 pair of gloves (worn)
 H - a +1 cloak (worn)
 R - the +3 scale mail "Beitavoch" (worn) {rC+ MR+ rCorr Int-2}
   (You found it in a bailey)

   It affects your intelligence (-2).
   It protects you from cold.
   It affects your resistance to hostile enchantments.
   It provides partial protection from all sources of acid and corrosion.
 S - a +1 chain mail of cold resistance
Jewellery
 h - a +2 ring of intelligence (right hand)
 i - a ring of resist corrosion (left hand)
 t - the amulet "Risi Wuenga" (around neck) {Reflect MR+ Int+4 SH+5}
   (You acquired it on level 5 of the Dungeon)

   [amulet of reflection]

   It shields you and reflects attacks.
   It affects your intelligence (+4).
   It affects your resistance to hostile enchantments.
   It affects your SH (+5).
 J - an uncursed amulet of regeneration
Wands
 G - a wand of acid (2)
 N - a wand of flame (5)
Scrolls
 b - 3 scrolls of enchant armour
 j - 5 scrolls of teleportation
 q - 3 scrolls of amnesia
 s - a scroll of immolation
 u - 2 scrolls of remove curse
 y - a scroll of enchant weapon
 B - a scroll of fog
 U - a scroll of acquirement
Potions
 g - 4 potions of lignification
 l - 2 potions of stabbing
 m - 3 potions of cancellation
 n - 3 potions of flight
 z - 2 potions of curing {unknown}
 A - a potion of magic
 C - a potion of brilliance {unknown}
 E - a potion of berserk rage {unknown}
 F - a potion of ambrosia {unknown}
Comestibles
 d - a chunk of flesh
 f - 23 rations


   Skills:
 * Level 12.4 Fighting
 * Level 7.0(10.8) Axes
 * Level 12.8(13.4) Polearms
 + Level 9.8 Armour
 + Level 7.7 Dodging
 + Level 9.9 Shields


You had 11 spell levels left.
You didn't know any spells.
Your spell library contained the following spells:

 Spells                   Type           Power        Failure   Level  Hunger
 Animate Skeleton         Necr           N/A          63%         1    ##.....
 Apportation              Tloc           #.....       63%         1    ##.....
 Corona                   Hex            #......      63%         1    ##.....
 Magic Dart               Conj           #...         63%         1    ##.....
 Summon Small Mammal      Summ           #...         63%         1    ##.....
 Blink                    Tloc           N/A          77%         2    ###....
 Call Imp                 Summ           #.......     77%         2    ###....
 Slow                     Hex            #.......     77%         2    ###....
 Conjure Flame            Conj/Fire      #.......     94%         3    ####...
 Mephitic Cloud           Conj/Pois/Air  #.......     94%         3    ####...


Dungeon Overview and Level Annotations

Branches:
Dungeon (11/15)            Temple (1/1) D:4            Lair (0/6) D:8
    Orc (0/2) D:9          Bailey (visited)

Altars:
Ashenzari
Cheibriados
Dithmenos
Elyvilon
Fedhas
Gozag
Hepliaklqana
Kikubaaqudgha
Makhleb
Nemelex Xobeh
Okawaru
Qazlal
Ru
Sif Muna
Trog
Uskayaw
Vehumet
Wu Jian
Xom
Yredelemnul
Zin
The Shining One

Shops:
D:6 ?   D:8 [


Innate Abilities, Weirdness & Mutations

You reflexively headbutt those who attack you in melee.
You have a pair of horns on your head.
Your life essence is reduced to manifest your ancestor. (-10% HP)


Message History

You block the skeletal warrior's attack.
You slash the skeletal warrior!
The skeletal warrior is moderately damaged.
The skeletal warrior hits you with a +0 trident.
* * * LOW HITPOINT WARNING * * *
You hit the skeletal warrior but do no damage.
Your headbutt misses the skeletal warrior.
The skeletal warrior is moderately damaged.
The skeletal warrior closely misses you.
You furiously retaliate!
You headbutt the skeletal warrior, but do no damage.
You hit the skeletal warrior but do no damage.
You headbutt the skeletal warrior.
The skeletal warrior is heavily damaged.
You block the skeletal warrior's attack.
You hit the skeletal warrior.
The skeletal warrior is heavily damaged.
You block the skeletal warrior's attack.
The skeletal warrior hits you with a +0 trident!
You die...

#...#..#..#..
....#..#..#.# #.
#........#.# #
#.##........#.#####.#
...........#.##....#
#........#..##)#..#
#........#....)...#
#........#z########
#.....@..#.#
#.###z####.# ##.####.#
######.....#.#
#........#.#.#########
#............#...)...#
.##.......##.###.#####.#
#.............#
#.#####.####
####.......####
#.##^.......


You could see a skeletal warrior.

Vanquished Creatures
  The ghost of Fufic the Protected, a journeyman GnFi of Hepliaklqana (D:10)
  Harold (D:9)
  A death knight (D:10)
  An orc high priest (Bailey)
  3 skeletal warriors (D:11)
  2 orc knights (Bailey)
  2 phantasmal warriors (D:10)
  Pikel (D:9)
  An orc sorcerer (Bailey)
  A cyclops (D:11)
  2 spectral centaurs (D:10)
  Prince Ribbit (D:6)
  Sigmund (D:5)
  A wraith (D:11)
  A vampire (D:10)
  Menkaure (D:6)
  Duvessa (D:6)
  2 porcupines (D:8)
  2 water moccasins
  6 ice beasts
  4 black bears
  13 orc warriors
  A slave (D:9)
  6 ogres
  A necrophage (D:9)
  A sky beast (D:8)
  5 phantoms
  5 big kobolds
  A crocodile (D:8)
  7 bullfrogs
  3 scorpions
  Dowan (D:6)
  5 killer bees (D:7)
  7 wights
  3 spectral bullfrogs (D:10)
  2 crimson imps
  6 jellies
  A quasit (D:10)
  A centaur zombie (D:9)
  5 orc priests
  Crazy Yiuf (D:6)
  4 hounds
  A bullfrog skeleton (D:6)
  An iguana (D:8)
  12 orc wizards
  11 worker ants
  A killer bee zombie (D:7)
  A worker ant zombie (D:6)
  A howler monkey zombie (D:7)
  5 gnolls
  14 adders
  2 howler monkey skeletons
  2 shadow imps
  An ooze (D:4)
  3 adder zombies
  2 worms (D:4)
  3 adder skeletons
  3 dart slugs
  10 leopard geckos
  36 orcs
  6 giant cockroaches
  18 goblins
  18 hobgoblins
  15 jackals
  35 kobolds
  3 quokkas
  2 ball pythons
  7 bats
  6 frilled lizards
  11 rats
  2 plants
347 creatures vanquished.

Vanquished Creatures (collateral kills)
  Snorg (D:10)
  Erica (D:9)
  A hungry ghost (D:8)
  A porcupine (D:8)
  An orc warrior (Bailey)
  A black bear (D:8)
  A necrophage (D:11)
  5 bullfrogs
  A wyvern skeleton (D:7)
  A scorpion (D:7)
  2 wights (D:10)
  An electric eel (Bailey)
  A crimson imp (D:5)
  A jelly (D:7)
  An orc wizard (D:9)
  An orc priest (D:9)
  An iguana (D:5)
  A shadow imp (D:5)
  An adder skeleton (D:5)
  8 orcs
  A goblin (Bailey)
  A jackal (D:10)
  A kobold (D:8)
  A quokka zombie (D:5)
  2 fungi (D:8)
38 creatures vanquished.

Vanquished Creatures (others)
  A big kobold (D:9)
  6 hexers
  2 ancestors (D:6)
  2 kobolds
  7 fungi (D:8)
18 creatures vanquished.

Grand Total: 403 creatures vanquished

Notes
Turn   | Place    | Note
-------+----------+-------------------------------------------
     0 | D:1      | Harbin the Minotaur Fighter began the quest for the Orb.
     0 | D:1      | Reached XP level 1. HP: 19/19 MP: 0/0
   152 | D:1      | Found a glowing golden altar of the Shining One.
   365 | D:1      | Reached XP level 2. HP: 27/27 MP: 1/1
   981 | D:1      | Reached XP level 3. HP: 33/33 MP: 2/2
  1532 | D:2      | Found a shimmering altar of Xom.
  1748 | D:2      | Reached skill level 1 in Dodging
  1892 | D:2      | Reached XP level 4. HP: 37/41 MP: 3/3
  2475 | D:3      | Reached XP level 5. HP: 47/47 MP: 4/4
  3068 | D:4      | Noticed a phantom
  3084 | D:4      | Killed a phantom
  3084 | D:4      | Reached skill level 5 in Fighting
  3162 | D:4      | Reached XP level 6. HP: 56/56 MP: 5/5
  3225 | D:4      | Found a staircase to the Ecumenical Temple.
  3256 | D:4      | Reached skill level 5 in Polearms
  3322 | D:4      | Noticed an ice beast
  3330 | D:4      | Killed an ice beast
  3330 | D:4      | Reached skill level 5 in Armour
  3353 | D:4      | Reached skill level 5 in Shields
  3353 | D:4      | Reached XP level 7. HP: 62/62 MP: 6/6
  3640 | Temple   | Entered the Ecumenical Temple
  4076 | Temple   | Became a worshipper of Hepliaklqana the Forgotten
  4258 | D:5      | Entered Level 5 of the Dungeon
  4261 | D:5      | Noticed Sigmund
  4433 | D:5      | Killed Sigmund
  4563 | D:5      | Identified a scroll of acquirement
  4563 | D:5      | Identified the amulet "Risi Wuenga" {Reflect MR+ Int+4
                  | SH+5} (You acquired it on level 5 of the Dungeon)
  4872 | D:5      | Reached * piety under Hepliaklqana
  5607 | D:6      | Noticed Menkaure
  5613 | D:6      | Killed Menkaure
  5613 | D:6      | Reached XP level 8. HP: 57/65 MP: 7/7
  5855 | D:6      | Found Zunin's Magic Scroll Emporium.
  5949 | D:6      | Noticed Dowan
  5953 | D:6      | Noticed Duvessa
  5954 | D:6      | Killed Dowan
  5972 | D:6      | Killed Duvessa
  6255 | D:6      | Reached ** piety under Hepliaklqana
  6256 | D:6      | Noticed Prince Ribbit
  6277 | D:6      | Reached XP level 9. HP: 73/73 MP: 8/8
  6289 | D:6      | Killed Prince Ribbit
  6306 | D:6      | Remembered your ancestor Batya as a hexer
  6454 | D:6      | Found a runed translucent door.
  6455 | D:6      | Noticed Crazy Yiuf
  6459 | D:6      | Killed Crazy Yiuf
  6658 | D:6      | Bought a scroll of identify for 24 gold pieces
  6658 | D:6      | Bought a scroll of magic mapping for 42 gold pieces
  6658 | D:6      | Bought a scroll of identify for 24 gold pieces
  6658 | D:6      | Bought a scroll of identify for 24 gold pieces
  6829 | D:7      | Reached skill level 5 in Dodging
  7438 | D:7      | Reached skill level 10 in Fighting
  7534 | D:7      | Reached XP level 10. HP: 81/83 MP: 9/9
  7825 | D:8      | Found a staircase to the Lair.
  7881 | D:8      | Reached skill level 10 in Polearms
  8208 | D:8      | Found Mongawken's Armour Shoppe.
  8295 | D:8      | Reached *** piety under Hepliaklqana
  8848 | D:8      | Upgraded the game from 0.25-a0-949-gdd2af9e06e to
                  | 0.25-a0-972-g74ed164fb1
  8915 | D:9      | Noticed Harold
  8936 | D:9      | Killed Harold
  9353 | D:9      | Reached skill level 1 in Axes
  9528 | D:9      | Found a staircase to the Orcish Mines.
  9691 | D:9      | Noticed Erica
  9702 | D:9      | Killed Erica
 10028 | D:9      | Reached XP level 11. HP: 91/91 MP: 10/10
 10031 | D:9      | Noticed Pikel
 10036 | D:9      | Killed Pikel
 10196 | D:10     | Entered Level 10 of the Dungeon
 10212 | D:10     | Found a runed translucent gate.
 10213 | D:10     | Found a runed translucent gate.
 10214 | D:10     | Found a runed translucent gate.
 10223 | D:10     | Noticed Fufic's ghost (journeyman GnFi)
 10322 | D:10     | Found a flagged portal.
 10332 | Bailey   | Entered a bailey
 10409 | Bailey   | Found an iron altar of Okawaru.
 10409 | Bailey   | Noticed an orc high priest
 10409 | Bailey   | Noticed an orc sorcerer
 10416 | Bailey   | Killed an orc high priest
 10417 | Bailey   | Killed an orc sorcerer
 10878 | Bailey   | Noticed an orc knight
 10890 | Bailey   | Killed an orc knight
 11009 | Bailey   | Got a warped scale mail
 11042 | Bailey   | Noticed an orc knight
 11050 | Bailey   | Killed an orc knight
 11297 | Bailey   | Identified the +3 scale mail "Beitavoch" {rC+ MR+ rCorr
                  | Int-2} (You found it in a bailey)
 12150 | D:10     | Reached **** piety under Hepliaklqana
 12323 | D:10     | Reached skill level 5 in Axes
 12344 | D:10     | Killed Fufic's ghost
 12778 | D:11     | Noticed a death knight
 12780 | D:11     | Noticed Snorg
 12780 | D:11     | Noticed a phantasmal warrior
 12780 | D:11     | Noticed a phantasmal warrior
 12782 | D:11     | Noticed a skeletal warrior
 12788 | D:10     | Killed a phantasmal warrior
 12791 | D:10     | Killed a death knight
 12792 | D:10     | Killed a phantasmal warrior
 12792 | D:10     | Reached XP level 12. HP: 45/100 MP: 11/11
 13422 | D:10     | Killed Snorg
 13954 | D:11     | Slain by a skeletal warrior

Illustrated notes

Levels and vault maps discovered:
D:1:      minmay_arrival_four_loops, layout_loops_ring, st_stairs_3,
          roderic_lattice_a, tso_metal_star
D:2:      layout_loops_ring, tgw_xom
D:3:      layout_basic, minmay_fractal_squares_diagonal_5
D:4:      layout_rooms, minmay_temple_entry_glass, first_ration
D:5:      layout_layer_cave, uniq_sigmund
D:6:      layout_rooms, serial_shops, shop, uniq_menkaure, uniq_duvessa,
          uniq_crazy_yiuf_cottage, uniq_prince_ribbit1
D:7:      layout_basic, minmay_diced_spiral
D:8:      layout_loops_ring, due_lair_maze_entry_diamond, serial_shops,
          nicolae_shop_window_shopping
D:9:      layout_basic, david_orc_3, blue_anna_alchemist
          [blue_anna_fruit_fields, blue_anna_fruit_fields], uniq_erica,
          uniq_pikel, uniq_harold
D:10:     layout_stronghold, gammafunk_ghost_necromancy, enter_bailey_2
D:11:     layout_loops_cross, uniq_snorg
Temple:   nicolae_temple_the_god_donut

Skill      XL: |  1  2  3  4  5  6  7  8  9 10 11 12 |
---------------+-------------------------------------+-----
Fighting       | 4 5 7 8 10 11 12 | 12.4
Polearms       | 3 4 5 6 7 9 11 12 | 12.8
Armour         | 4 5 6 7 8 9 |  9.8
Shields        | 4 5 6 7 8 9 |  9.9
Dodging        | 1 2 3 4 5 6 7 |  7.7
Axes           | 2 6 7 |  7.0

Action                   |  1- 3 |  4- 6 |  7- 9 | 10-12 || total
-------------------------+-------+-------+-------+-------++-------
Melee: Trident           |   151 |   159 |   335 |   170 ||   815
       Headbutt          |    13 |    16 |    65 |    96 ||   190
       Battleaxe         |       |       |       |   279 ||   279
Throw: Dart              |       |       |    36 |    11 ||    47
       Throwing net      |       |       |       |     1 ||     1
Invok: Ancestor Identity |       |       |     1 |       ||     1
       Ancestor Life: He |       |       |     1 |       ||     1
Evoke: Box of beasts     |       |       |       |     2 ||     2
       Wand              |       |       |       |     4 ||     4
  Use: Scroll            |     2 |     6 |    13 |    14 ||    35
       Potion            |       |       |     2 |     8 ||    10
 Stab: Distracted        |       |       |     2 |     6 ||     8
       Confused          |       |       |     1 |     2 ||     3
       Invisible         |       |       |       |     1 ||     1
  Eat: Chunk             |     3 |     5 |    10 |    18 ||    36
       Ration            |       |       |     1 |     1 ||     2
Armor: Scale mail        |    62 |    43 |    40 |   137 ||   282
       Plate armour      |       |       |    47 |       ||    47
Dodge: Dodged            |    32 |    26 |    78 |   203 ||   339
Block: Kite shield       |    80 |    61 |   222 |   106 ||   469
       Reflection        |       |       |     8 |    21 ||    29
       Other             |       |       |       |    75 ||    75

Table legend:
 A = Non-vault XP
 B = Vault XP
 C = Vault XP percentage of total XP
 D = Non-vault monster count
 E = Vault monster count
 F = Vault count percentage of total count
                 A         B        C        D         E       F
            +---------+---------+-------+---------+---------+-------
      Total |   14533 |   12188 |  45.6 |     294 |      86 |  22.6
            +---------+---------+-------+---------+---------+-------
        D:1 |      40 |       3 |   7.0 |      24 |       2 |   7.7
        D:2 |      73 |       3 |   3.9 |      21 |       3 |  12.5
        D:3 |      87 |      24 |  21.6 |      23 |       5 |  17.9
        D:4 |     651 |       0 |   0.0 |      24 |       0 |   0.0
        D:5 |     213 |     223 |  51.1 |      15 |       1 |   6.2
        D:6 |    1234 |     678 |  35.5 |      30 |       5 |  14.3
        D:7 |    2333 |      22 |   0.9 |      42 |       4 |   8.7
        D:8 |    1497 |     966 |  39.2 |      29 |       8 |  21.6
        D:9 |     911 |    2753 |  75.1 |      34 |      11 |  24.4
       D:10 |    3919 |    3512 |  47.3 |      35 |       7 |  16.7
       D:11 |    3575 |       0 |   0.0 |      17 |       0 |   0.0
     Bailey |       0 |    4004 | 100.0 |       0 |      40 | 100.0
            +---------+---------+-------+---------+---------+-------
